 Dungeon Crawl Stone Soup version 0.17.1-2-g5865329 (webtiles) character file.

886 inmateoo the Chopper (level 7, -1/60 HPs)
             Began as a Centaur Fighter on Feb 15, 2016.
             Was an Elder of Makhleb.
             Slain by a gnoll
             ... wielding a +0 halberd
              (11 damage)
             ... on level 5 of the Dungeon.
             The game lasted 00:06:56 (5509 turns).

inmateoo the Chopper (Centaur Fighter)              Turns: 5509, Time: 00:06:57

Health: -1/60      AC: 10    Str: 19    XL:     7   Next: 77%
Magic:  8/8        EV:  5    Int:  7    God:    Makhleb [****..]
Gold:   52         SH:  9    Dex: 10    Spells: 0 memorised, 6 levels left

rFire  . . .     SeeInvis +     j - +2 broad axe "Fauluas" {chop, SInv} (curse)
rCold  . . .     Clarity  .     b - +0 scale mail
rNeg   . . .     SustAt   .     c - +0 shield
rPois  .         Gourm    .     (no helmet)
rElec  .         Spirit   .     (no cloak)
rCorr  .         Warding  .     n - +2 pair of gloves
rMut   .         Stasis   .     (no barding)
MR     .....                    (no amulet)
Stlth  ..........               (no ring)
                                (no ring)

@: very quick, not resistant to hostile enchantments, extremely unstealthy
A: hooves 3, deformed body, speed 2, tough skin 3
a: Minor Destruction, Lesser Servant of Makhleb, Major Destruction, Renounce
Religion


You were on level 5 of the Dungeon.
You worshipped Makhleb.
Makhleb was greatly pleased with you.
You were not hungry.

You visited 1 branch of the dungeon, and saw 5 of its levels.

You collected 250 gold pieces.
You spent 198 gold pieces at shops.

Inventory:

Hand Weapons
 g - a +0 war axe
 j - the cursed +2 broad axe "Fauluas" (weapon) {chop, SInv}
   (You bought it in a shop on level 4 of the Dungeon)

   It inflicts extra damage upon your enemies.
   It lets you see invisible.
   It has a curse placed upon it.
Armour
 b - a +0 scale mail (worn)
 c - a +0 shield (worn)
 n - a +2 pair of gloves (worn)
Wands
 s - a wand of random effects (37)
 w - a wand of disintegration (18)
Scrolls
 m - a scroll of remove curse
 r - a scroll of immolation {unknown}
Potions
 a - a potion of haste {unknown}
 d - 2 potions of might
 i - 3 potions of curing
 k - 2 potions of heal wounds
 p - a potion of lignification {unknown}
 q - a potion of agility {unknown}
 t - a potion of brilliance
 u - 2 potions of magic
Books
 l - a book of Clouds

   Spells                             Type                      Level
   a - Mephitic Cloud                 Conjuration/Poison/Air       3
   b - Conjure Flame                  Conjuration/Fire             3
   c - Poisonous Cloud                Conjuration/Poison/Air       6
   d - Freezing Cloud                 Conjuration/Ice/Air          6
   e - Ring of Flames                 Charms/Fire                  7
Comestibles
 e - 4 bread rations
 f - 2 meat rations
 h - a slice of pizza
 o - 2 beef jerkies
 v - 3 fruits
 x - 2 chunks of flesh


   Skills:
 - Level 4.4 Fighting
 * Level 5.2 Axes
 + Level 3.6 Armour
 + Level 3.7 Shields
 + Level 2.3 Invocations


You had 6 spell levels left.
You didn't know any spells.

Dungeon Overview and Level Annotations

Branches:
Dungeon (5/15)
 Temple: D:4-7

Altars:
Makhleb
Nemelex Xobeh

Shops:
D:4 (


Innate Abilities, Weirdness & Mutations

You have hooves in place of feet.
Armour fits poorly on your strangely shaped body.
You cover ground very quickly.
You have extremely tough skin (AC +3).


Message History

You hit the gnoll shaman but do no damage.
You closely miss the gnoll. The gnoll closely misses you.
The gnoll shaman calls upon its god to speed up the gnoll.
The gnoll seems to speed up.
The gnoll hits you but does no damage.
The gnoll hits you from afar with a halberd!
* * * LOW HITPOINT WARNING * * *
Unknown command.
You are too injured to fight recklessly!
Unknown command.
The gnoll shaman hits you but does no damage.
Unknown command.
Unknown command.
You hit the gnoll but do no damage. Your kick misses the gnoll.
You barely miss the gnoll. You hit the gnoll shaman.
The gnoll shaman is moderately wounded.
The gnoll closely misses you. The gnoll hits you with a halberd.
* * * LOW HITPOINT WARNING * * *
The gnoll hits you but does no damage. You block the gnoll shaman's attack.
The gnoll hits you but does no damage. The gnoll hits you with a halberd!
You die...

# +###....#. # #....#. # ##'###.
# #...... # #...... #
########################. #
......#)...#...........#. #
......gg...'..........)). #+#
......#g@..#...........#'
..#############g'''#############.
g.#............................#.
###≈≈≈≈≈≈≈≈≈≈≈≈....≈≈≈≈≈≈≈≈≈≈≈≈##
≈≈≈≈≈≈≈≈≈≈≈≈≈≈≈....≈≈≈≈≈≈≈≈≈≈≈≈≈≈
≈≈≈≈≈≈≈≈≈≈≈≈≈≈≈....≈≈≈≈≈≈≈≈≈≈≈≈≈≈
..................÷....).........
#######>..........).....†........
#.#....#....###..###.######


You could see a gnoll shaman and 3 gnolls.

Vanquished Creatures
  2 phantoms (D:4)
  An ogre (D:5)
  A crimson imp (D:4)
  A giant frog skeleton (D:5)
  7 worker ants
  9 adders
  20 gnolls
  A white imp (D:4)
  An ooze (D:1)
  5 worms
  7 giant geckos
  13 orcs
  2 giant cockroaches
  7 hobgoblins
  14 jackals (D:5)
  9 kobolds
  3 quokkas
  A ball python (D:1)
  5 bats
  7 giant newts
  9 goblins
  A jackal skeleton (D:5)
  7 rats
133 creatures vanquished.

Notes
Turn   | Place    | Note
--------------------------------------------------------------
     0 | D:1      | inmateoo the Centaur Fighter began the quest for the Orb.
     0 | D:1      | Reached XP level 1. HP: 19/19 MP: 1/1
   564 | D:1      | Reached XP level 2. HP: 26/26 MP: 2/2
  1184 | D:1      | Reached XP level 3. HP: 31/31 MP: 3/3
  1619 | D:2      | Found a faded altar to an unknown god.
  1644 | D:2      | Became a worshipper of Makhleb the Destroyer
  1644 | D:2      | Reached * piety under Makhleb
  1927 | D:2      | Reached XP level 4. HP: 25/38 MP: 4/4
  2272 | D:2      | Reached ** piety under Makhleb
  3356 | D:3      | Reached XP level 5. HP: 45/45 MP: 5/5
  3488 | D:3      | Found a sparkling altar of Nemelex Xobeh.
  3685 | D:3      | Reached *** piety under Makhleb
  4043 | D:4      | Noticed a phantom
  4075 | D:4      | Killed a phantom
  4075 | D:4      | Reached skill level 4 in Fighting
  4075 | D:4      | Reached XP level 6. HP: 28/52 MP: 6/6
  4555 | D:4      | Reached skill level 1 in Invocations
  4703 | D:4      | Found Riuruzyo's Antique Weapon Shoppe.
  4704 | D:4      | Noticed a phantom
  4720 | D:4      | Bought a blackened broad axe for 198 gold pieces
  4720 | D:4      | Identified the cursed +2 broad axe "Fauluas" {chop, SInv} (You bought it in a shop on level 4 of the Dungeon)
  4765 | D:4      | Killed a phantom
  4765 | D:4      | Reached XP level 7. HP: 24/60 MP: 6/8
  5139 | D:5      | Entered Level 5 of the Dungeon
  5224 | D:5      | Reached **** piety under Makhleb
  5232 | D:5      | Reached skill level 5 in Axes
  5509 | D:5      | Slain by a gnoll

Action                   |  1- 3 |  4- 6 |  7- 9 || total
-------------------------+-------+-------+-------++-------
Melee: War axe           |   130 |   166 |       ||   296
       Hand axe          |       |    91 |       ||    91
       Broad axe         |       |    23 |    71 ||    94
  Use: Scroll            |       |    11 |       ||    11
       Potion            |       |     1 |       ||     1
  Eat: Chunk             |     2 |     8 |     3 ||    13
